 Dungeon Crawl Stone Soup version 0.23.1 (webtiles) character file.

Game seed: 8875847723146367375

7908 Kairos the Cleaver (level 11, -3/56 HPs)
             Began as a Vine Stalker Fighter on Mar 17, 2019.
             Was a Follower of Uskayaw.
             Killed from afar by an electric eel (10 damage)
             ... with a bolt of electricity
             ... on level 9 of the Dungeon.
             The game lasted 00:12:03 (7987 turns).

Kairos the Cleaver (Vine Stalker Fighter)           Turns: 7987, Time: 00:12:04

Health: -3/56      AC: 14    Str: 21    XL:     11   Next: 22%
Magic:  0/13       EV: 10    Int:  8    God:    Uskayaw [*.....]
Gold:   441        SH: 11    Dex: 15    Spells: 10/10 levels left

rFire    . . .     SeeInvis .   a - +3 war axe
rCold    . . .     Gourm    .   c - +0 shield
rNeg     . . .     Faith    .   b - +0 scale mail
rPois    .         Spirit   +   u - +0 helmet
rElec    .         Reflect  .   E - +0 cloak
rCorr    .         Harm     .   (no gloves)
MR       +....                  (no boots)
Stlth    ++........             v - amulet of regeneration
HPRegen  0.98/turn              j - +4 ring of protection
MPRegen  0.13/turn              q - ring of stealth

@: about to teleport, very slow
A: fangs 3, regeneration 1, magic shield, antimagic bite, no potion heal 3, rot
immunity
a: Stomp, Renounce Religion


You were on level 9 of the Dungeon.
You worshipped Uskayaw.
Uskayaw was noncommittal.
You were hungry.

You visited 2 branches of the dungeon, and saw 10 of its levels.

You collected 441 gold pieces.

Inventory:

Hand Weapons
 a - a +3 war axe (weapon)
 B - a +1 whip of freezing
Missiles
 z - 6 throwing nets (quivered)
Armour
 b - a +0 scale mail (worn)
 c - a +0 shield (worn)
 u - a +0 helmet (worn)
 E - a +0 cloak (worn)
Jewellery
 j - a +4 ring of protection (left hand)
 n - an uncursed ring of protection from cold
 o - an uncursed ring of fire
 p - an uncursed ring of protection from magic
 q - a ring of stealth (right hand)
 v - an amulet of regeneration (around neck)
 F - an uncursed ring of flight
 H - the ring of Ezytul {Wiz rN+ Slay-5 Stlth+}
   (You found it on level 6 of the Dungeon)

   [ring of wizardry]

   It improves your spell success rate.
   It affects your accuracy and damage with ranged weapons and melee attacks
   (-5).
   It protects you from negative energy.
   It makes you more stealthy.
 J - an uncursed amulet of harm
Wands
 g - a wand of random effects (26)
 m - a wand of flame (18)
 s - a wand of digging (8)
 P - a wand of polymorph (9)
Scrolls
 x - 5 scrolls of teleportation
 y - 2 scrolls of amnesia
 A - 2 scrolls of remove curse
 C - a scroll of magic mapping {unknown}
 G - 2 scrolls of immolation {unknown}
 N - a scroll of enchant armour {unknown}
 Q - a scroll of identify
Potions
 d - 2 potions of might
 e - 2 potions of haste
 h - 2 potions of resistance {unknown}
 i - 2 potions of flight {unknown}
 k - 4 potions of curing {unknown}
 l - 3 potions of heal wounds {unknown}
 r - 2 potions of cancellation {unknown}
 t - a potion of magic {unknown}
 w - 3 potions of mutation {unknown}
 D - 2 potions of lignification {unknown}
 I - 2 potions of agility
 K - a potion of invisibility {unknown}
 L - a potion of ambrosia {unknown}
 M - a potion of degeneration {unknown}
 O - a potion of brilliance {unknown}
Comestibles
 f - 18 rations


   Skills:
 + Level 6.2 Fighting
 + Level 9.9 Axes
 + Level 6.2 Armour
 + Level 3.3 Dodging
 + Level 6.8 Stealth
 + Level 6.6 Shields
 * Level 1.8 Invocations


You had 10 spell levels left.
You didn't know any spells.
Your spell library was empty.

Dungeon Overview and Level Annotations

Branches:
Dungeon (9/15)             Temple (1/1) D:5
   Lair: D:8-11         Orc: D:9-12

Altars:
Ashenzari
Cheibriados
Dithmenos
Elyvilon
Fedhas
Gozag
Hepliaklqana
Kikubaaqudgha
Makhleb
Nemelex Xobeh
Okawaru
Qazlal
Ru
Sif Muna
Trog
Uskayaw
Vehumet
Wu Jian
Yredelemnul
Zin
The Shining One

Shops:
D:7 (


Innate Abilities, Weirdness & Mutations

You have razor-sharp teeth.
Your natural rate of healing is unusually fast.
When hurt, damage is shared between your health and your magic reserves.
Your bite disrupts and absorbs the magic of your enemies.
Potions cannot restore your health.
You are immune to rotting.


Message History

The bolt of electricity hits the electric eel.
The electric eel completely resists.
The bolt of electricity misses you.
You closely miss the electric eel. Your bite misses the electric eel.
You hit the plant.
The electric eel shoots out a bolt of lightning at you!
The bolt of electricity misses the electric eel.
The bolt of electricity hits you!
The electric eel shoots out a bolt of lightning at you!
The bolt of electricity hits the plant!
The bolt of electricity hits you!
The electric eel shoots out a bolt of lightning at you!
The bolt of electricity hits you!
* * * LOW HITPOINT WARNING * * *
The electric eel shoots out a bolt of lightning at you!
The bolt of electricity hits the plant!
The bolt of electricity hits you!
* * * LOW HITPOINT WARNING * * *
As you read the scroll of teleportation, it crumbles to dust.
You feel strangely unstable.
The electric eel shoots out a bolt of lightning at you!
The bolt of electricity hits the plant!
The bolt of electricity hits you!
You die...

)#.#.#..#...((....# #......# #
.#.#.#.##.........# #......# #
.#.#.#.#########'## #......# #
.#...#.# #.# ##.##### # ...#####
#.# #.# ###### #####'### #.#
.....# #.......# #.# .....#
#.......## #.# .....# #≈≈≈♣♣@≈P≈#
#.# .....##♣♣♣≈♣♣≈
♣≈♣♣≈≈♣♣♣#.#######
.....P≈≈♣≈≈≈P≈≈P≈≈≈≈≈≈♣PPP.......
....≈♣≈≈≈≈≈P≈≈≈;≈≈≈≈≈P≈≈≈≈≈######
..♣♣≈≈≈≈≈≈≈≈≈≈≈≈≈≈≈♣≈≈♣≈≈≈♣#
.≈≈P≈P≈≈♣≈≈≈≈≈≈≈≈≈≈≈≈≈P≈≈≈♣
♣≈≈P≈PPP≈≈≈≈≈;≈≈;≈≈≈≈≈≈PP≈≈
♣♣≈≈≈≈P≈≈≈≈≈≈≈≈≈≈≈≈≈≈≈≈≈≈≈≈ ♣#
♣≈≈≈PP≈P≈≈≈≈≈≈≈≈≈≈≈≈≈≈≈≈≈≈≈♣≈#


You could see 3 electric eels.

Vanquished Creatures
  Harold (D:8)
  Pikel (D:4)
  Maurice (D:8)
  Joseph (D:8)
  Grinder (D:5)
  Prince Ribbit (D:6)
  2 hippogriffs (D:7)
  A wyvern (D:9)
  4 hogs (D:8)
  A hungry ghost (D:8)
  A human (D:8)
  Grum (D:8)
  Menkaure (D:7)
  2 water moccasins
  3 orc warriors
  A slave (D:4)
  A black bear (D:6)
  A necrophage (D:9)
  8 ogres
  A phantom (D:9)
  2 wolves (D:8)
  3 centaurs
  2 big kobolds
  4 bullfrogs
  3 scorpions
  A water moccasin skeleton (D:7)
  A howler monkey (D:7)
  5 electric eels (D:9)
  2 bullfrog zombies
  A crimson imp (D:8)
  3 jellies
  8 orc wizards
  A quasit (D:7)
  6 orc priests
  7 hounds
  3 bullfrog skeletons
  5 iguanas
  9 worker ants
  A hound skeleton (D:9)
  2 worker ant zombies
  Robin (D:2)
  7 gnolls
  5 adders
  2 shadow imps
  An ooze (D:1)
  3 worms
  2 dart slugs
  6 leopard geckos
  36 orcs
  7 giant cockroaches
  11 goblins
  10 hobgoblins
  13 kobolds
  3 quokkas
  A ball python (D:1)
  5 bats
  3 frilled lizards
  A quokka zombie (D:7)
  10 rats
230 creatures vanquished.

Vanquished Creatures (others)
  A worker ant (D:4)
  3 plants (D:9)
4 creatures vanquished.

Grand Total: 234 creatures vanquished

Notes
Turn   | Place    | Note
-------+----------+-------------------------------------------
     0 | D:1      | Kairos the Vine Stalker Fighter began the quest for the
                  | Orb.
     0 | D:1      | Reached XP level 1. HP: 11/11 MP: 2/2
   102 | D:1      | Reached XP level 2. HP: 16/16 MP: 3/3
   265 | D:1      | Reached skill level 2 in Axes
   265 | D:1      | Reached XP level 3. HP: 12/20 MP: 1/4
   855 | D:2      | Gained mutation: Your natural rate of healing is unusually
                  | fast. [Vine Stalker growth]
   855 | D:2      | Reached XP level 4. HP: 20/24 MP: 5/5
   941 | D:2      | Noticed Robin
  1039 | D:2      | Found a burning altar of Makhleb.
  1087 | D:2      | Found a glowing golden altar of the Shining One.
  1151 | D:2      | Found a stormy altar of Qazlal.
  1247 | D:2      | Found a sparkling altar of Nemelex Xobeh.
  1271 | D:2      | Killed Robin
  1271 | D:2      | Reached XP level 5. HP: 28/28 MP: 6/6
  1373 | D:3      | Reached skill level 3 in Axes
  1575 | D:3      | Reached XP level 6. HP: 13/32 MP: 4/7
  1808 | D:3      | Found a snail-covered altar of Cheibriados.
  1809 | D:3      | Found an iron altar of Okawaru.
  2073 | D:3      | Found an ancient bone altar of Kikubaaqudgha.
  2294 | D:4      | Reached skill level 1 in Dodging
  2358 | D:4      | Reached skill level 4 in Axes
  2358 | D:4      | Reached skill level 1 in Stealth
  2436 | D:4      | Found a glowing silver altar of Zin.
  2453 | D:4      | Reached XP level 7. HP: 36/36 MP: 8/8
  2497 | D:4      | Noticed Pikel
  2548 | D:4      | Killed Pikel
  2548 | D:4      | Reached skill level 5 in Axes
  2548 | D:4      | Gained mutation: You have razor-sharp teeth. [Vine Stalker
                  | growth]
  2548 | D:4      | Reached XP level 8. HP: 36/42 MP: 9/9
  2730 | D:4      | Found a blossoming altar of Fedhas.
  3026 | D:5      | Entered Level 5 of the Dungeon
  3107 | D:5      | Reached skill level 6 in Axes
  3144 | D:5      | Found a staircase to the Ecumenical Temple.
  3155 | Temple   | Entered the Ecumenical Temple
  3209 | Temple   | Became a worshipper of Uskayaw the Reveler
  3345 | D:5      | Reached * piety under Uskayaw
  3349 | D:5      | Reached ** piety under Uskayaw
  3400 | D:5      | Noticed Grinder
  3409 | D:5      | Killed Grinder
  3409 | D:5      | Reached skill level 5 in Shields
  3409 | D:5      | Reached *** piety under Uskayaw
  3741 | D:5      | Reached XP level 9. HP: 41/45 MP: 8/10
  3757 | D:5      | Found a hazy altar of Hepliaklqana.
  3990 | D:6      | Got a translucent jade ring
  3992 | D:6      | Identified the ring of Ezytul {Wiz rN+ Slay-5 Stlth+} (You
                  | found it on level 6 of the Dungeon)
  4271 | D:6      | Reached skill level 5 in Armour
  4278 | D:6      | Reached skill level 7 in Axes
  4278 | D:6      | Reached **** piety under Uskayaw
  4468 | D:6      | Noticed Prince Ribbit
  4477 | D:6      | Killed Prince Ribbit
  4831 | D:7      | Found Zekul's Antique Weapon Boutique.
  4855 | D:7      | Found an ornate altar of the Wu Jian Council.
  4862 | D:7      | Noticed Menkaure
  4874 | D:7      | Killed Menkaure
  4874 | D:7      | Reached skill level 5 in Fighting
  4874 | D:7      | Reached skill level 8 in Axes
  5047 | D:7      | Reached XP level 10. HP: 51/51 MP: 11/11
  5549 | D:7      | Found an ornate altar of the Wu Jian Council.
  6051 | D:8      | Reached skill level 5 in Stealth
  6060 | D:8      | Noticed Harold
  6067 | D:8      | Reached ***** piety under Uskayaw
  6077 | D:8      | Reached ****** piety under Uskayaw
  6082 | D:8      | Killed Harold
  6082 | D:8      | Reached skill level 9 in Axes
  6673 | D:8      | Found a sacrificial altar of Ru.
  6679 | D:8      | Noticed Joseph
  6695 | D:8      | Noticed Grum
  6701 | D:8      | Killed Joseph
  6706 | D:8      | Killed Grum
  6795 | D:8      | Noticed Maurice
  6813 | D:8      | Killed Maurice
  6813 | D:8      | Reached XP level 11. HP: 46/56 MP: 12/12
  7099 | D:9      | Found the +3 giant club "Skullcrusher" {speed, Str+7}
  7241 | D:9      | Reached skill level 1 in Invocations
  7627 | D:9      | Found a sparkling altar of Nemelex Xobeh.
  7987 | D:9      | Killed from afar by an electric eel

Skill      XL: |  1  2  3  4  5  6  7  8  9 10 11 |
---------------+----------------------------------+-----
Fighting       | 3 4 5 6 |  6.2
Axes           | 2 3 4 5 6 8 9 |  9.9
Shields        | 3 4 5 6 |  6.6
Armour         | 3 4 5 6 |  6.2
Dodging        | 1 2 3 |  3.3
Stealth        | 1 4 6 |  6.8
Invocations    | 1 |  1.8

Action                   |  1- 3 |  4- 6 |  7- 9 | 10-12 || total
-------------------------+-------+-------+-------+-------++-------
Melee: War axe           |    88 |   130 |   234 |   281 ||   733
       Bite              |    16 |    43 |    74 |    72 ||   205
  Use: Scroll            |     1 |     2 |       |    10 ||    13
 Stab: Sleeping          |       |     2 |     5 |     6 ||    13
       Paralysed         |       |       |     6 |    13 ||    19
       Distracted        |       |       |       |     2 ||     2
  Eat: Chunk             |       |     5 |     8 |     6 ||    19
       Ration            |       |       |       |     2 ||     2
Armor: Scale mail        |    35 |    46 |   125 |    97 ||   303
Dodge: Dodged            |    19 |    34 |    99 |    71 ||   223
Block: Shield            |    47 |    56 |   123 |   113 ||   339
